 Dungeon Crawl Stone Soup version 0.19-a0-200-gccd4ce3 (console) character file.

202 Lososik the Skirmisher (level 5, -6/42 HPs)
             Began as a Demonspawn Fighter on May 24, 2016.
             Mangled by a centaur (7 damage)
             ... on level 4 of the Dungeon.
             The game lasted 00:08:25 (1947 turns).

Lososik the Skirmisher (Demonspawn Fighter)         Turns: 1947, Time: 00:08:26

Health: -6/42      AC:  9    Str: 14 (17) XL:     5   Next: 50%
Magic:  0/5        EV:  7    Int:  7 (9)  God:
Gold:   110        SH:  9    Dex: 15 (18) Spells: 0 memorised, 4 levels left

rFire  . . .     SeeInvis .     a - +0 long sword
rCold  . . .     Gourm    .     b - +0 scale mail
rNeg   . . .     Faith    .     c - +0 shield
rPois  +         Spirit   +     (no helmet)
rElec  .         Dismiss  .     (no cloak)
rCorr  .         Reflect  .     n - +1 pair of gloves
SustAt .         Harm     .     (no boots)
MR     .....                    B - amulet of guardian spirit
Stlth  ..........               u - +5 ring of dexterity
                                k - ring of poison resistance

@: flying, not resistant to hostile enchantments, extremely unstealthy
A: foul stench 1, rot immunity
a: no special abilities


You were on level 4 of the Dungeon.
You were not hungry.

You visited 1 branch of the dungeon, and saw 5 of its levels.

You collected 110 gold pieces.

Inventory:

Hand Weapons
 a - a +0 long sword (weapon)
Armour
 b - a +0 scale mail (worn)
 c - a +0 shield (worn)
 n - a +1 pair of gloves (worn)
Jewellery
 k - a ring of poison resistance (left hand)
 u - a +5 ring of dexterity (right hand)
 w - an uncursed ring of fire
 B - an amulet of guardian spirit (around neck)
Scrolls
 j - a scroll of random uselessness {unknown}
 m - a scroll of magic mapping {unknown}
 q - a scroll of blinking {unknown}
 r - a scroll of enchant weapon {unknown}
 s - 3 scrolls of remove curse {unknown}
 t - 3 scrolls of identify {unknown}
 x - a scroll of immolation {unknown}
 A - a scroll of enchant armour {unknown}
 C - a scroll of fear {unknown}
Potions
 d - 3 potions of might
 e - a potion of resistance {unknown}
 g - a potion of ambrosia {unknown}
 h - 3 potions of flight
 i - a potion of heal wounds {unknown}
 l - a potion of invisibility {unknown}
 p - a potion of degeneration
 z - a potion of brilliance {unknown}
Books
 y - a book of Transfigurations

   Spells                             Type                      Level
   a - Irradiate                      Conjuration/Transmutation    5
   b - Statue Form                    Transmutation/Earth          6
   c - Hydra Form                     Transmutation                6
   d - Dragon Form                    Transmutation                7
Comestibles
 f - 4 bread rations
 o - a royal jelly
 v - 3 fruits
 D - a chunk of flesh
 E - a slice of pizza


   Skills:
 * Level 3.9 Fighting
 + Level 2.5 Long Blades
 * Level 3.8 Armour
 * Level 2.2 Dodging
 + Level 3.1 Shields


You had 4 spell levels left.
You didn't know any spells.

Dungeon Overview and Level Annotations

Branches:
Dungeon (5/15)
 Temple: D:4-7

Altars:
Makhleb
Pakellas


Innate Abilities, Weirdness & Mutations

You may emit foul miasma when damaged in melee.
You are immune to rotting.


Message History

You block the centaur's attack.
You hit the centaur.
The centaur is moderately wounded.
The centaur hits you.
* * * LOW HITPOINT WARNING * * *
The centaur looks sick.
The centaur hits you.
* * * LOW HITPOINT WARNING * * *
Drink which item? (? for menu, Esc to quit)
It was a potion of flight.
You feel very buoyant.
You fly up into the air.
The centaur hits you.
* * * LOW HITPOINT WARNING * * *
Drink which item? (? for menu, Esc to quit)
It was a potion of degeneration.
There was something very wrong with that liquid.
You feel weakened.
You feel dopey.
You feel clumsy. You block the centaur's attack. The centaur hits you!
You die...

∙∙∙▒▒▒▒ ∙∙∙∙∙∙∙▒▒ ▒∙▒
▒∙∙▒▒ ▒∙▒ ▒▒▒∙∙▒▒▒▒▒
▒▒▒▒▒▒∙▒▒▒∙∙∙∙∙∙∙∙∙
▒∙∙∙∙∙∙∙∙∙∙▒▒▒∙▒▒▒▒
▒∙∙∙∙∙∙∙∙∙∙▒ ▒∙▒▒▒▒
▒∙∙∙(∙[∙∙∙∙▒▒▒∙∙▒▒∙
▒∙∙(∙∙∙∙∙∙∙▒∙∙∙∙∙∙∙
▒∙(∙∙∙∙∙∙∙∙∙∙▒▒∙▒▒▒
▒▒(∙∙▒▒▒▒▒∙∙▒▒▒∙▒
▒@▒▒▒▒▒▒▒∙∙▒▒▒∙▒▒▒
▒c▒▒▒∙∙∙∙∙∙∙∙∙∙∙∙∙
▒∙▒▒∙∙∙∙∙∙∙∙∙∙∙∙∙∙
▒▒<▒∙∙∙∙∙∙∙∙∙∙∙∙∙∙∙
▒▒∙∙▒∙∙∙∙∙∙∙∙∙∙∙∙∙∙∙
▒▒▒▒▒∙∙▒▒∙∙∙∙∙∙∙∙∙∙∙∙)∙∙
▒∙∙∙∙∙∙∙∙∙∙∙∙∙∙∙∙∙∙∙∙∙∙∙
▒∙∙∙∙∙∙∙∙∙∙∙∙∙∙∙∙∙∙∙∙∙∙∙
▒∙∙∙∙∙∙∙>∙∙∙∙∙∙∙∙∙∙∙∙∙∙∙
▒▒▒▒▒▒∙∙∙∙∙∙∙∙∙∙∙∙∙∙∙∙∙▒
▒∙∙∙∙∙▒∙∙)∙∙∙∙▒∙∙∙∙∙▒▒
▒∙∙∙∙∙∙∙∙▒▒▒▒▒▒▒∙▒▒∙▒
▒∙∙∙∙∙▒▒>%∙∙▒ ▒∙∙ ∙▒
▒∙∙∙∙∙▒▒▒▒▒∙▒▒▒▒▒∙▒∙
▒∙∙∙>∙▒ ▒∙∙∙∙∙r∙∙∙
▒∙∙∙∙∙▒ ▒▒▒▒▒▒▒∙∙∙
▒∙∙∙∙∙▒


You could see a centaur.

Vanquished Creatures
  A howler monkey (D:4)
  A crimson imp (D:3)
  A worker ant (D:4)
  4 adders
  An ooze (D:4)
  2 worms
  2 dart slugs (D:2)
  A giant gecko (D:1)
  4 giant cockroaches
  3 goblins
  2 hobgoblins
  7 jackals
  5 kobolds
  2 quokkas
  2 ball pythons
  6 bats
  4 giant newts
  9 rats
57 creatures vanquished.

Notes
Turn   | Place    | Note
--------------------------------------------------------------
     0 | D:1      | Lososik the Demonspawn Fighter began the quest for the Orb.
     0 | D:1      | Reached XP level 1. HP: 18/18 MP: 1/1
   151 | D:1      | Gained mutation: You are immune to rotting. [demonic ancestry]
   151 | D:1      | Reached XP level 2. HP: 22/24 MP: 2/2
   794 | D:2      | Reached skill level 1 in Dodging
   794 | D:2      | Gained mutation: You may emit foul miasma when damaged in melee. [demonic ancestry]
   794 | D:2      | Reached XP level 3. HP: 19/29 MP: 3/3
   838 | D:2      | Found a burning altar of Makhleb.
   838 | D:2      | Found an oddly glowing altar of Pakellas.
  1376 | D:3      | Found an oddly glowing altar of Pakellas.
  1492 | D:3      | Reached XP level 4. HP: 35/35 MP: 1/4
  1836 | D:5      | Entered Level 5 of the Dungeon
  1895 | D:4      | Reached XP level 5. HP: 19/42 MP: 2/5
  1939 | D:4      | Noticed a centaur
  1945 | D:4      | HP: 2/42 [centaur (3)]
  1947 | D:4      | Mangled by a centaur

Vault maps used:
D:1:      minmay_arrival_doors
D:2:      gammafunk_temple_overflow_statue
D:3:      first_bread, grunt_pakellas_mercury
D:4:      minmay_temple_entry_junction, minmay_vboxes, uniq_blork_the_orc
D:5:      minmay_misc_feat_pillars

Skill      XL: |  1  2  3  4 |
---------------+-------------+-----
Long Blades    | 2 |  2.5
Armour         | 3 |  3.8
Dodging        | 1 2 |  2.2
Shields        | 3 |  3.1
Fighting       | |  3.9

Action                   |  1- 3 |  4- 6 || total
-------------------------+-------+-------++-------
Melee: Long sword        |   156 |    74 ||   230
  Use: Potion            |       |     2 ||     2
  Eat: Chunk             |     1 |     3 ||     4
Armor: Scale mail        |    96 |    46 ||   142
Dodge: Dodged            |    59 |    39 ||    98
Block: Shield            |    67 |    48 ||   115
